 Dungeon Crawl Stone Soup version 0.18-a0-1088-g34ef3a2 (webtiles) character file.

13309 xgamer67 the Covert (level 12, 57/77 HPs)
             Began as an Octopode Assassin on Jan 14, 2016.
             Was a High Priest of Pakellas.
             Quit the game on level 4 of the Lair of Beasts on Jan 15, 2016.
             The game lasted 00:50:59 (12082 turns).

xgamer67 the Covert (Octopode Assassin)            Turns: 12082, Time: 00:51:00

Health: 57/77      AC:  1    Str: 20    XL:     12   Next: 4%
Magic:  24/24      EV: 19    Int: 22    God:    Pakellas [*****.]
Gold:   319        SH:  9    Dex: 16    Spells: 0 memorised, 11 levels left

rFire  + . .     SeeInvis .     a - +5 dagger of Spores {venom, Fragile MP+9 Str+3 Int+5}
rCold  . . .     Gourm    .     h - +0 buckler
rNeg   . . .     Faith    .     E - +0 hat of Theory {Regen+ Str+4}
rPois  .         Spirit   .     M - +4 amulet of reflection
rElec  .         Dismiss  .     v - +1 ring of evasion
rCorr  +         Reflect  +     y - ring of sustain attributes
SustAt +         Harm     .     B - ring of protection from fire
MR     +....                    (no ring)
Stlth  +++++++...               t - ring "Lam Fede" {MR+ Str+2 Dex+2}
                                F - ring of resist corrosion
                                (no ring)
                                (no ring)

@: somewhat resistant to hostile enchantments, extremely stealthy
A: almost no armour, amphibious, 8 rings, constrict 8, camouflage 1, gelatinous
body 1
a: Quick Charge, Device Surge, Renounce Religion


You were on level 4 of the Lair of Beasts.
You worshipped Pakellas.
Pakellas was extremely pleased with you.
You were not hungry.

You visited 2 branches of the dungeon, and saw 13 of its levels.

You collected 645 gold pieces.
You spent 326 gold pieces at shops.

Inventory:

Hand Weapons
 a - the +5 dagger of Spores (weapon) {venom, Fragile MP+9 Str+3 Int+5}
   (You found it on level 4 of the Dungeon)

   It poisons the flesh of those it strikes.
   It affects your strength (+3).
   It affects your intelligence (+5).
   It affects your magic capacity (+9).
   It will be destroyed if unequipped.
 b - a +0 blowgun
 q - a +1 rapier of speed
 Q - a +2 dagger of electrocution
Missiles
 c - 12 poisoned needles
 d - 2 curare-tipped needles
 r - 2 needles of slowing
 w - 5 javelins (quivered)
 D - 2 throwing nets
 G - 14 tomahawks
Armour
 h - a +0 buckler (worn)
 E - the +0 hat of Theory (worn) {Regen+ Str+4}
   (You bought it in a shop on level 6 of the Dungeon)

   It affects your strength (+4).
   It increases your rate of regeneration.
 L - a +2 hat of see invisible
Rods
 n - a +2 rod of inaccuracy (12/12)
   (Pakellas gifted it to you on level 9 of the Dungeon)
Jewellery
 t - the ring "Lam Fede" (on tentacle) {MR+ Str+2 Dex+2}
   (You found it on level 2 of the Lair of Beasts)

   [ring of protection from magic]

   It affects your strength (+2).
   It affects your dexterity (+2).
   It affects your resistance to hostile enchantments.
 v - a +1 ring of evasion (left tentacle)
 y - a ring of sustain attributes (right tentacle)
 z - an uncursed ring of teleportation
 B - a ring of protection from fire (on tentacle)
 F - a ring of resist corrosion (on tentacle)
 M - a +4 amulet of reflection (around mantle)
Wands
 l - a wand of draining (7/15)
 u - a wand of cold (11/15)
 K - a wand of digging (12/24)
 N - a wand of magic darts (23/48)
 R - a wand of paralysis (7/24)
 Y - a wand of confusion (15/48)
Scrolls
 e - a scroll of torment {unknown}
 k - 3 scrolls of magic mapping
 m - 5 scrolls of blinking
 o - 2 scrolls of fear
 s - 7 scrolls of teleportation
 A - 2 scrolls of recharging
 S - 3 scrolls of remove curse
 Z - 2 scrolls of fog
Potions
 j - 2 potions of agility
 p - 5 potions of flight
 x - 5 potions of curing
 C - a potion of might
 H - a potion of resistance
 J - a potion of haste
 P - 2 potions of invisibility
 U - 2 potions of heal wounds
 W - a potion of berserk rage
Comestibles
 f - 6 bread rations
 g - 8 royal jellies
 i - 5 beef jerkies
 I - 11 chunks of flesh
 X - a meat ration


   Skills:
 - Level 5.0 Fighting
 - Level 10.6 Short Blades
 - Level 5.0 Throwing
 + Level 9.0 Dodging
 + Level 13.4 Stealth
 - Level 5.1 Shields
 - Level 5.0 Evocations


You had 11 spell levels left.
You didn't know any spells.

Dungeon Overview and Level Annotations

Branches:
Dungeon (9/15)             Temple (0/1) D:7            Lair (4/8) D:9
  Swamp (0/4) Lair:3          Orc (0/2) D:9
  Snake: Lair:3-6    Spider: Lair:3-6

Altars:
Cheibriados
Fedhas
Pakellas
Xom
Beogh

Shops:
D:6 [}*((

Annotations:
D:7 Oozefury's ghost, novice MiGl
Lair:2 Erica


Innate Abilities, Weirdness & Mutations

You cannot wear most types of armour.
You are amphibious.
You can wear up to eight rings at the same time.
You can use your tentacles to constrict eight enemies at once.
Your skin changes colour to match your surroundings (Stealth).
Your rubbery body absorbs attacks (AC +1).


Message History

You hit the iguana but do no damage.
The iguana is severely wounded.
You constrict the iguana.
You kill the iguana!
Pakellas accepts your kill.
No target in view!
You see here an iguana corpse.
You butcher the iguana corpse.
I - 11 chunks of flesh (gained 3)
A yak comes into view.
A yak is nearby!
Save game and exit?
Welcome back, xgamer67 the Octopode Assassin.
Pakellas says: Progress or perish!
Press ? for a list of commands and other information.
Quiver which item? (- for none, * to show all) (? for menu, Esc to quit)
Okay, then.
Drink which item? (? for menu, Esc to quit)
Okay, then.
Are you sure you want to abandon this character and quit the game? (Confirm with "yes".)

..#... .....#
Y....# .....
...##.. ##.....
##...# ##.@#
###..## #...##
###...## ##.....P#
## .........##
###.##
...P......###......
...#.###...........
..### ###.........


You could see a yak (wandering).

Vanquished Creatures
  Gastronok (Lair:3)
  A black mamba (Lair:4)
  Joseph (Lair:1)
  2 spiny frogs (Lair:1)
  A komodo dragon (D:9)
  A troll (D:9)
  A queen bee (D:9)
  Grinder (D:3)
  3 blink frogs (Lair:1)
  Sigmund (D:4)
  A basilisk (Lair:2)
  6 yaks
  Eustachio (D:5)
  2 hippogriffs
  5 wolves (Lair:1)
  6 swamp worms (Lair:3)
  8 porcupines
  A water moccasin (D:9)
  An orc warrior (D:9)
  A sky beast (D:7)
  The ghost of ater218 the Poker, an amateur MfGl (D:3)
  A phantom (D:9)
  4 centaurs
  3 ogres
  5 crocodiles
  11 giant frogs
  4 gnoll sergeants
  2 scorpions (D:5)
  23 killer bees
  3 electric eels (Lair:3)
  2 giant frog zombies (D:7)
  4 crimson imps
  A centaur zombie (D:3)
  5 hounds
  3 jellies
  7 orc priests
  A centaur skeleton (D:5)
  3 giant frog skeletons
  11 iguanas
  8 orc wizards
  A worker ant (D:5)
  A hound skeleton (D:7)
  A worker ant zombie (D:8)
  19 gnolls
  24 river rats
  11 adders
  A shadow imp (D:9)
  2 oozes
  An adder skeleton (D:6)
  5 worms
  10 giant geckos
  32 orcs
  5 bats
  9 giant cockroaches
  6 goblins
  11 hobgoblins
  4 jackals (D:3)
  9 kobolds
  4 quokkas
  A ball python (D:4)
  2 giant newts
  A quokka skeleton (D:4)
  A quokka zombie (D:8)
  5 rats
313 creatures vanquished.

Vanquished Creatures (others)
  3 fungi
  3 plants (D:9)
6 creatures vanquished.

Grand Total: 319 creatures vanquished

Notes
Turn   | Place    | Note
--------------------------------------------------------------
     0 | D:1      | xgamer67 the Octopode Assassin began the quest for the Orb.
     0 | D:1      | Reached XP level 1. HP: 14/14 MP: 1/1
   100 | D:1      | Reached XP level 2. HP: 16/19 MP: 2/2
   281 | D:1      | Reached skill level 1 in Shields
   573 | D:1      | Reached XP level 3. HP: 24/24 MP: 3/3
   660 | D:1      | Reached skill level 6 in Stealth
  1040 | D:2      | Reached XP level 4. HP: 29/29 MP: 4/4
  1091 | D:2      | Found a faded altar to an unknown god.
  2034 | D:3      | Reached skill level 7 in Stealth
  2034 | D:3      | Reached XP level 5. HP: 14/34 MP: 5/5
  2896 | D:3      | Noticed Grinder
  2911 | D:3      | Killed Grinder
  2911 | D:3      | Reached skill level 8 in Stealth
  2911 | D:3      | Reached XP level 6. HP: 17/39 MP: 6/6
  2956 | D:3      | Noticed ater218's ghost (amateur MfGl)
  3496 | D:4      | Reached XP level 7. HP: 45/45 MP: 7/7
  3526 | D:4      | Got a faintly glowing dagger
  3527 | D:4      | Identified the +5 dagger of Spores {venom, Fragile MP+9 Str+3 Int+5} (You found it on level 4 of the Dungeon)
  3556 | D:4      | Found a blossoming altar of Fedhas.
  3559 | D:4      | Found a shimmering altar of Xom.
  3559 | D:4      | Found an oddly glowing altar of Pakellas.
  3601 | D:4      | Found a snail-covered altar of Cheibriados.
  3613 | D:4      | Became a worshipper of Pakellas the Inventive
  3659 | D:4      | Noticed Eustachio
  3660 | D:4      | Noticed Sigmund
  4400 | D:5      | Entered Level 5 of the Dungeon
  4435 | D:5      | Reached skill level 5 in Shields
  4709 | D:5      | Reached XP level 8. HP: 17/50 MP: 8/8
  5111 | D:5      | Reached * piety under Pakellas
  5248 | D:6      | Reached skill level 5 in Short Blades
  5313 | D:6      | Found Eluny's Armour Shoppe.
  5318 | D:6      | Bought the cursed +0 hat of Theory {Regen+ Str+4} for 196 gold pieces
  5328 | D:6      | Found Ymup's Gadget Boutique.
  5582 | D:7      | Reached skill level 5 in Dodging
  5716 | D:7      | Reached XP level 9. HP: 51/55 MP: 9/9
  5764 | D:7      | Found a staircase to the Ecumenical Temple.
  5862 | D:7      | Reached skill level 9 in Stealth
  5916 | D:7      | Noticed Oozefury's ghost (novice MiGl)
  6172 | D:7      | Reached ** piety under Pakellas
  6172 | D:7      | Received a gift from Pakellas
  7202 | D:7      | Reached skill level 10 in Stealth
  7274 | D:6      | Found Saeshrosm's Antique Weapon Boutique.
  7274 | D:6      | Found Wutof's General Store.
  7279 | D:6      | Bought a scroll of remove curse for 30 gold pieces
  7279 | D:6      | Bought a wand of draining (1/15) for 50 gold pieces
  7279 | D:6      | Bought a potion of heal wounds for 50 gold pieces
  7384 | D:6      | Found Dyiprod's Antique Weapon Emporium.
  7465 | D:6      | Reached skill level 1 in Evocations
  7696 | D:5      | Killed Eustachio
  7732 | D:4      | Killed Sigmund
  7732 | D:4      | Reached skill level 5 in Fighting
  7813 | D:3      | Killed ater218's ghost
  7847 | D:3      | Reached *** piety under Pakellas
  8025 | D:9      | Noticed a troll
  8029 | D:9      | Killed a troll
  8029 | D:9      | Reached XP level 10. HP: 66/66 MP: 12/12
  8082 | D:9      | Found a staircase to the Lair.
  8202 | D:9      | Found a staircase to the Orcish Mines.
  8243 | D:9      | Reached skill level 5 in Evocations
  8301 | D:9      | Reached **** piety under Pakellas
  8301 | D:9      | Received a gift from Pakellas
  8665 | D:9      | Reached skill level 10 in Short Blades
  8850 | D:9      | Found a roughly hewn altar of Beogh.
  9249 | Lair:1   | Entered Level 1 of the Lair of Beasts
  9336 | Lair:1   | Noticed Joseph
  9514 | Lair:1   | Reached XP level 11. HP: 43/71 MP: 14/14
  9573 | Lair:1   | Reached skill level 11 in Stealth
  9825 | Lair:1   | Killed Joseph
 10293 | Lair:2   | Got a vibrating bronze ring
 10294 | Lair:2   | Identified the ring "Lam Fede" {MR+ Str+2 Dex+2} (You found it on level 2 of the Lair of Beasts)
 10295 | Lair:2   | Noticed Erica
 10328 | Lair:2   | Reached ***** piety under Pakellas
 10899 | Lair:3   | Reached skill level 5 in Throwing
 10901 | Lair:3   | Found a staircase to the Swamp.
 10919 | Lair:3   | Reached skill level 12 in Stealth
 11523 | Lair:3   | Noticed Gastronok
 11639 | Lair:3   | Killed Gastronok
 11909 | Lair:4   | Reached skill level 13 in Stealth
 11941 | Lair:4   | Reached XP level 12. HP: 77/77 MP: 15/15
 12082 | Lair:4   | Upgraded the game from 0.18-a0-1078-gebb93d0 to 0.18-a0-1088-g34ef3a2
 12082 | Lair:4   | Quit the game

Vault maps used:
D:1:      erik_arrival_blinker_ship
D:2:      ecumenical_altar_2, serial_curves, eino_curves_01, eino_curves_02
D:3:      uniq_grinder
D:4:      grunt_temple_overflow_open, uniq_sigmund, uniq_eustachio
D:5:      first_bread, lightli_minifort
D:6:      serial_shops, shop, shop_statue, shop, shop, shop
D:7:      minmay_temple_entry_butterflies
D:9:      david_lair_shrubbed, minmay_orc_entry_temple_small, david_nohive_1
Lair:1:   uniq_joseph
Lair:2:   uniq_erica
Lair:3:   nicolae_swamp_entry_splash_gauntlet, beast_lair_carwin_5,
          serial_bayou_shore_a, infiniplex_staircase_pool, uniq_gastronok
Lair:4:   lemuel_fruit_fields, uniq_urug, uniq_rupert, uniq_josephine

Action                   |  1- 3 |  4- 6 |  7- 9 | 10-12 || total
-------------------------+-------+-------+-------+-------++-------
Melee: Dagger            |    50 |   138 |   246 |   415 ||   849
 Fire: Blowgun           |     4 |    12 |       |       ||    16
Throw: Stone             |       |    13 |    11 |     2 ||    26
       Javelin           |       |       |     4 |    21 ||    25
Invok: Quick Charge      |       |       |     1 |     4 ||     5
Evoke: Wand              |       |       |    15 |     9 ||    24
  Use: Scroll            |     2 |     2 |    11 |    11 ||    26
       Potion            |       |       |     2 |     1 ||     3
 Stab: Sleeping          |    11 |    11 |    22 |    41 ||    85
       Distracted        |       |     2 |     1 |     4 ||     7
       Confused          |       |       |       |     1 ||     1
  Eat: Chunk             |       |     6 |    11 |     7 ||    24
       Meat ration       |       |     1 |       |     1 ||     2
       Pizza             |       |       |       |     1 ||     1
